 Dungeon Crawl Stone Soup version 0.21.1-1-g345015f (webtiles) character file.

78 goulibeur the Unweaver (level 4, 0/35 HPs)
             Began as a Demonspawn Abyssal Knight on July 8, 2018.
             Was a Follower of Lugonu.
             Succumbed to an adder's poison
             ... on level 2 of the Dungeon.
             The game lasted 00:04:53 (1678 turns).

goulibeur the Unweaver (Demonspawn Abyssal Knight)  Turns: 1678, Time: 00:04:54

Health: 0/35       AC:  4    Str: 12    XL:     4   Next: 15%
Magic:  5/7        EV: 12    Int: 14    God:    Lugonu [*.....]
Gold:   24         SH:  0    Dex: 13    Spells: 3/3 levels left

rFire    . . .     SeeInvis .   a - +1 short sword
rCold    . . .     Gourm    .   (no shield)
rNeg     . . .     Faith    .   b - +0 leather armour
rPois    .         Spirit   .   (no helmet)
rElec    .         Reflect  .   (no cloak)
rCorr    .         Harm     .   n - +0 pair of gloves
MR       .....                  (no boots)
Stlth    ++........             (no amulet)
HPRegen  0.11/turn              (no ring)
MPRegen  0.10/turn              (no ring)

@: lethally poisoned (0 -> -11)
A: nightstalker 1
a: Depart the Abyss, Renounce Religion


You were on level 2 of the Dungeon.
You worshipped Lugonu.
Lugonu was aware of your devotion.
You were hungry.

You visited 1 branch of the dungeon, and saw 2 of its levels.
You visited the Abyss 1 time.

You collected 24 gold pieces.

Inventory:

Hand Weapons
 a - a +1 short sword (weapon)
Armour
 b - a +0 leather armour (worn)
 n - a +0 pair of gloves (worn)
Jewellery
 o - an uncursed ring of stealth {unknown}
 q - an uncursed ring of protection from cold {unknown}
Scrolls
 e - 2 scrolls of identify {unknown}
 g - a scroll of amnesia {unknown}
 h - 2 scrolls of enchant weapon {unknown}
 j - 2 scrolls of teleportation {unknown}
 k - a scroll of remove curse {unknown}
 l - a scroll of fog {unknown}
 m - a scroll of immolation {unknown}
Potions
 d - a potion of might {unknown}
 i - 2 potions of mutation {unknown}
 p - a potion of cancellation {unknown}
Comestibles
 c - 3 rations
 f - 3 chunks of flesh


   Skills:
 + Level 3.4 Fighting
 - Level 1.7 Short Blades
 + Level 2.3 Armour
 + Level 1.7 Dodging
 * Level 4.1 Invocations


You had 3 spell levels left.
You didn't know any spells.

Dungeon Overview and Level Annotations

Branches:
Dungeon (2/15)

Altars:


Innate Abilities, Weirdness & Mutations

You are slightly more attuned to the shadows.


Message History

* * * LOW HITPOINT WARNING * * *
You feel sick. The adder misses you.
You barely miss the adder.
The adder is moderately wounded.
* * * LOW HITPOINT WARNING * * *
You feel sick. The adder closely misses you. The adder barely misses you.
You hit the adder.
The adder is heavily wounded.
* * * LOW HITPOINT WARNING * * *
You feel sick. The adder misses you.
You miss the adder.
The adder is heavily wounded.
* * * LOW HITPOINT WARNING * * *
You feel sick. The adder barely misses you.
You hit the adder.
You kill the adder!
Lugonu accepts your kill.
* * * LOW HITPOINT WARNING * * *
You feel sick.
You die...

###########.#..
#.......@......
#########.################
...)..........(.(†.......
#########.########....##
#######...######....#####
#......>.................
#.#####.######.#....####
#.#......# #.#....#
#.#.###..# #.#....#


There were no monsters in sight!

Vanquished Creatures
  3 adders (D:2)
  5 dart slugs
  A leopard gecko (D:2)
  6 bats (D:1)
  A giant cockroach (D:1)
  3 goblins (D:1)
  8 hobgoblins
  2 jackals (D:1)
  2 frilled lizards (D:1)
  4 kobolds
  4 rats
39 creatures vanquished.

Notes
Turn   | Place    | Note
-------+----------+-------------------------------------------
     0 | Abyss:1  | goulibeur the Demonspawn Abyssal Knight began the quest for the Orb.
     0 | Abyss:1  | Reached XP level 1. HP: 18/18 MP: 2/2
    50 | Abyss:1  | Noticed a small abomination
    51 | D:1      | Escaped the Abyss
    77 | D:1      | Reached skill level 1 in Dodging
   296 | D:1      | Gained mutation: You are slightly more attuned to the shadows. [demonic ancestry]
   296 | D:1      | Reached XP level 2. HP: 14/24 MP: 4/4
   456 | D:1      | Reached skill level 3 in Invocations
   561 | D:1      | Reached * piety under Lugonu
   848 | D:1      | Reached XP level 3. HP: 25/29 MP: 5/5
  1671 | D:2      | Reached skill level 4 in Invocations
  1671 | D:2      | Reached XP level 4. HP: 13/35 MP: 5/7
  1677 | D:2      | HP: 1/35 [poisoned by an adder]
  1678 | D:2      | Succumbed to an adder's poison

Skill      XL: |  1  2  3 |
---------------+----------+-----
Dodging        | 1 |  1.7
Armour         | 2 |  2.3
Invocations    | 3 4 |  4.1
Fighting       | |  3.4
Short Blades   | |  1.7

Action                   |  1- 3 |  4- 6 || total
-------------------------+-------+-------++-------
Melee: Short sword       |   126 |     6 ||   132
Invok: Depart the Abyss  |     1 |       ||     1
 Stab: Sleeping          |     4 |       ||     4
  Eat: Chunk             |     2 |       ||     2
Armor: Leather armour    |    47 |       ||    47
Dodge: Dodged            |    92 |     5 ||    97
